 Dungeon Crawl Stone Soup version 0.31-a0-431-g88bdf31460 (webtiles) character file.

Game seed: 5080754348627252648

76120 garrulousMonolith the Earth Mage (level 15, -15/94 HPs)
             Began as a Gargoyle Earth Elementalist on Aug 1, 2023.
             Was an Initiate of Gozag.
             Killed from afar by Frances (38 damage)
             ... with a shard of ice
             ... on level 13 of the Dungeon.
             The game lasted 00:39:55 (26660 turns).

garrulousMonolith the Earth Mage (GrEE)            Turns: 26660, Time: 00:39:55

Health: -15/94     AC: 28    Str: 21    XL:     15   Next: 52%
Magic:  28/28      EV: 11    Int: 25    God:    Gozag
Gold:   4219       SH:  6    Dex: 10    Spells: 20/32 levels left

rFire   . . .        h - +7 whip of Cheese {flame, Int+5}
rCold   . . .        C - +0 buckler
rNeg    + . .        q - +0 acid dragon scales
rPois   ∞            y - +0 helmet
rElec   +            s - +0 cloak
rCorr   +            V - +2 pair of gloves
SInv    +            A - +0 pair of boots
Will    +....        O - amulet of magic regeneration
Stlth   +            G - ring of see invisible
HPRegen 0.35/turn    I - +6 ring of strength
MPRegen 0.61/turn

%: no passive effects
@: brilliant, flying, hasted, studying Staves, very quick
A: sickness immunity, AC +11, big wings, negative energy resistance 1,
electricity resistance, torment resistance 1, petrification resistance
a: Renounce Religion, Potion Petition, Call Merchant, Bribe Branch


You were on level 13 of the Dungeon.
You worshipped Gozag.
Gozag was most pleased with you.
You visited 3 branches of the dungeon, and saw 19 of its levels.
You also visited: Sewer and Bailey.

You collected 6218 gold pieces.
You spent 140 gold pieces at shops.
You paid 1859 gold pieces to Gozag.

Inventory:

Hand Weapons
 b - a +0 demon whip of venom
 h - the +7 whip of Cheese (weapon) {flame, Int+5}
   (You found it on level 4 of the Dungeon)

   Int:       It affects your intelligence (+5).
Missiles
 d - a throwing net
 o - 18 boomerangs
 z - 2 javelins
 D - 59 poisoned darts (quivered)
Armour
 q - +0 acid dragon scales (worn)
 s - a +0 cloak (worn)
 y - a +0 helmet (worn)
 A - a +0 pair of boots (worn)
 C - a +0 buckler (worn)
 J - a +2 robe of fire resistance
 V - a +2 pair of gloves (worn)
Jewellery
 G - a ring of see invisible (left hand)
 I - a +6 ring of strength (right hand)
 O - an amulet of magic regeneration (around neck)
Wands
 p - a wand of paralysis (9)
 B - a wand of flame (63)
 N - a wand of quicksilver (2)
 R - a wand of digging (1)
 T - a wand of iceblast (5)
Scrolls
 a - 2 scrolls of silence
 e - 3 scrolls of fog
 f - 5 scrolls of fear
 g - 4 scrolls of identify
 k - a scroll of blinking
 l - 9 scrolls of teleportation
 n - 2 scrolls of brand weapon
 t - 2 scrolls of poison
 u - 5 scrolls of vulnerability
 E - a scroll of revelation
 K - 3 scrolls of enchant armour
 P - 2 scrolls of butterflies
 S - 2 scrolls of enchant weapon
Potions
 c - a potion of invisibility
 i - 5 potions of curing
 j - 4 potions of ambrosia
 m - 2 potions of haste
 r - 2 potions of mutation {unknown}
 v - 2 potions of might {unknown}
 w - 2 potions of enlightenment
 x - 4 potions of brilliance
 F - a potion of resistance {unknown}
 L - 2 potions of berserk rage {unknown}
 M - 3 potions of lignification
 Q - 4 potions of magic


   Skills:
 + Level 11.1 Fighting
 - Level 13.0 Staves
 + Level 11.0 Armour
 - Level 3.0 Dodging
 - Level 2.1 Stealth
 + Level 9.9 Shields
 + Level 9.2 Spellcasting
 - Level 10.0 Conjurations
 - Level 2.0 Transmutations
 * Level 16.9 Earth Magic


You had 20 spell levels left.
You knew the following spells:

 Your Spells              Type           Power      Damage    Failure   Level
a - Sandblast             Erth           100%       2d20      0%          1
b - Stone Arrow           Conj/Erth      100%       3d13      1%          3
c - Passwall              Tmut/Erth      60%        N/A       1%          2
d - Petrify               Tmut/Erth      73%        N/A       1%          4
e - Blink                 Tloc           34%        N/A       12%         2

Your spell library contained the following spells:

 Spells                   Type           Power      Damage    Failure   Level
 Magic Dart               Conj           100%       1d8       1%          1
 Shock                    Conj/Air       100%       1d9       1%          1
 Momentum Strike          Conj/Tloc      100%       3d10      1%          2
 Static Discharge         Conj/Air       100%       2-7/arc   1%          2
 Hailstorm                Conj/Ice       53%        3d12      3%          3
 Wereblood                Tmut           32%        N/A       4%          2
 Mephitic Cloud           Conj/Pois/Air  42%        N/A       6%          3
 Apportation              Tloc           34%        N/A       8%          1
 Freeze                   Ice            68%        1d8       8%          1
 Summon Small Mammal      Summ           68%        N/A       8%          1
 Call Imp                 Summ           34%        N/A       12%         2
 Lesser Beckoning         Tloc           34%        N/A       12%         2
 Irradiate                Conj/Tmut      29%        3d21      19%         5
 Call Canine Familiar     Summ           17%        N/A       22%         3
 Frozen Ramparts          Ice            34%        1d6       22%         3
 Gell's Gravitas          Tloc           17%        N/A       22%         3
 Ozocubu's Armour         Ice            17%        N/A       22%         3
 Summon Guardian Golem    Hex/Summ       17%        N/A       22%         3
 Swiftness                Air            17%        N/A       22%         3
 Teleport Other           Tloc           17%        N/A       22%         3
 Airstrike                Air            8%         2d(2-18)  58%         4
 Passage of Golubria      Tloc           17%        N/A       58%         4
 Summon Lightning Spire   Summ/Air       17%        N/A       58%         4
 Alistair's Intoxication  Tmut/Pois      16%        N/A       80%         5
 Lehudib's Crystal Spear  Conj/Erth      43%        10d11     89%         8
 Metabolic Englaciation   Hex/Ice        8%         N/A       91%         5
 Silence                  Hex/Air        8%         N/A       91%         5


Dungeon Overview and Level Annotations

Branches:
Dungeon (13/15)            Temple (1/1) D:4            Lair (5/5) D:8
 Shoals (0/4) Lair:3        Snake (0/4) Lair:2        Slime (0/5) Lair:4
    Orc (0/2) D:12          Sewer (visited)          Bailey (visited)
 Vaults: D:13-14

Altars:
Ashenzari
Cheibriados
Dithmenos
Elyvilon
Fedhas
Gozag
Hepliaklqana
Kikubaaqudgha
Makhleb
Nemelex Xobeh
Okawaru
Qazlal
Ru
Sif Muna
Trog
Uskayaw
Vehumet
Wu Jian
Xom
Yredelemnul
Zin
The Shining One
Jiyva

Shops:
D:1 ?   D:8 !

Annotations:
D:6 exclusion: oklob plant
D:8 2 runed translucent doors
D:13 Frances


Innate Abilities, Weirdness & Mutations

You are immune to sickness and miasma.
Your stone body is resilient. (AC +11)
You are immune to poison.
Your large and strong wings let you fly.
You resist negative energy. (rN+)
You are resistant to electric shocks. (rElec)
You are resistant to unholy torment.
You are immune to petrification.


Message History

Frances hits you from afar with a +3 vampiric halberd.
The ice devil misses you.
Casting: Stone Arrow (safe; 1% risk of failure)
Confirm with . or Enter, or press ? or * to list all spells.
Aiming: Stone Arrow (safe; 1% risk of failure)
Press: ? - help, Shift-Dir - straight line, f/p - Frances
Aim: Frances, wielding a +3 vampiric halberd and wearing a +0 leather armour (severely wounded, fast, 78% to hit)
The stone arrow hits the ice devil.
The ice devil is severely wounded.
Frances whispers indecipherable words.
The ice devil closely misses you.
Found a phial of floods.
Frances hits you with a +3 vampiric halberd!
* * * LOW HITPOINT WARNING * * *
Frances hits you but does no damage. The ice devil barely misses you.
Okay, then. [a] - 625 gold - haste, brilliance, curing and magic [b] - 330 gold - resistance and enlightenment [c] - 200 gold - resistance Purchase which effect?
You feel yourself speed up.
You feel clever all of a sudden.
You feel better. Magic courses through your body.
Frances hits you with a +3 vampiric halberd!
* * * LOW HITPOINT WARNING * * *
Blink to where?
Press: ? - help, Dir - move target, p - Frances
As you read the scroll of blinking, it crumbles to dust.
Frances chants phrases taken from a devil's mouth.
The shard of ice hits you!
* * * LOW HITPOINT WARNING * * *
Casting: Stone Arrow (safe; 1% risk of failure)
Confirm with . or Enter, or press ? or * to list all spells.
You can't see any susceptible monsters within range! (Use Z to cast anyway.)
You feel better.
Frances says, "Show me proof of your conquests, and I will call you a great adventurer."
Frances chants phrases taken from a devil's mouth.
The shard of ice hits you!!!
You die...
Your body crumbles into a pile of gold.

# #.######## # #.# .' # #.# .#
#######.# .# ........##### ###.#
.....<.............#
........########...#####
........#......#.......}
........#......#@.......
........#......#.........
........#......#.........
........#......#.........
........#.###..#§........
..........#.....3@.............#
..........#.###.4..............#
._.##.......#..................#
...##.......#.###..............##


You could see Frances (fast), a soul eater (summoned) and an ice devil
(summoned).

Vanquished Creatures
  Rupert (Lair:3)
  Gastronok (D:9)
  2 hydras (Lair:1)
  4 boulder beetles
  3 catoblepae (Lair:5)
  3 two-headed ogres
  8 death yaks
  Amaemon (D:8)
  2 skeletal warriors
  2 skysharks
  2 deep elf pyromancers (D:12)
  3 ugly things
  5 manticores
  Maurice (D:13)
  2 cyclopes (D:12)
  Joseph (D:8)
  2 centaur zombies (D:13)
  15 elephants
  A gargoyle (D:12)
  5 black mambas
  12 cane toads
  An orange demon (D:8)
  Maggie (D:7)
  A kobold demonologist (D:12)
  3 torpor snails
  10 komodo dragons
  2 unseen horrors
  2 tengu conjurers
  6 rime drakes
  6 trolls
  A polar bear (Lair:3)
  A meliai (D:12)
  A hornet (D:9)
  5 dream sheep (Lair:5)
  A hornet (shapeshifter) (D:13)
  16 blink frogs
  7 slime creatures
  3 vampires
  2 shadows
  5 wyverns
  77 yaks
  A basilisk (D:8)
  4 wraiths
  Grum (D:8)
  Menkaure (D:7)
  3 steam dragons
  2 vampire mosquitoes (D:11)
  3 nagas (Lair:2)
  14 water moccasins
  An acid dragon (D:10)
  8 orc warriors
  A hornet zombie (D:13)
  An ice beast (D:5)
  3 sky beasts
  A swamp drake (D:8)
  4 black bears
  19 wolves
  3 ogres (D:12)
  4 centaurs
  3 phantoms
  5 kobold brigands
  14 bullfrogs
  An elf skeleton (D:4)
  2 scorpions (D:5)
  3 gnoll sergeants
  12 wights
  8 howler monkeys
  5 electric eels
  6 orc priests
  A gnoll bouda (D:8)
  4 hounds
  2 sleepcaps
  A human skeleton (D:4)
  5 iguanas
  Natasha (thrice) (D:3)
  10 orc wizards
  14 gnolls
  16 adders
  3 river rats (Sewer)
  A shadow imp (D:6)
  An ufetubus (D:6)
  2 worms (D:4)
  3 dart slugs
  32 orcs
  16 ball pythons
  8 bats
  7 endoplasms
  7 giant cockroaches
  7 hobgoblins
  5 quokkas
  7 frilled lizards
  21 goblins
  25 kobolds
  3 orc skeletons (D:4)
  An orc zombie (D:4)
  34 rats
599 creatures vanquished.

Notes
Turn   | Place    | Note
-------+----------+-------------------------------------------
     0 | D:1      | garrulousMonolith the Gargoyle Earth Elementalist began the
                  | quest for the Orb.
     0 | D:1      | Reached XP level 1. HP: 10/10 MP: 3/3
    29 | D:1      | Found Ifurgho's Magic Scroll Shoppe.
   160 | D:1      | Reached XP level 2. HP: 16/16 MP: 1/5
   242 | D:1      | Learned a level 2 spell: Passwall
   536 | D:1      | Reached skill level 1 in Armour
   573 | D:1      | Reached skill level 4 in Earth Magic
   577 | D:1      | Reached skill level 1 in Transmutations
   995 | D:2      | Reached XP level 3. HP: 20/20 MP: 3/6
   999 | D:2      | Learned a level 3 spell: Stone Arrow
  1226 | D:2      | Reached skill level 1 in Fighting
  1455 | D:2      | Reached XP level 4. HP: 25/25 MP: 5/7
  2003 | D:1      | Bought a scroll of identify for 20 gold pieces
  2003 | D:1      | Bought a scroll of identify for 20 gold pieces
  2003 | D:1      | Bought a scroll of teleportation for 30 gold pieces
  2038 | D:3      | Noticed Natasha
  2039 | D:3      | Noticed a bullfrog
  2042 | D:3      | Killed Natasha
  2048 | D:2      | Killed a bullfrog
  2049 | D:2      | Reached skill level 1 in Conjurations
  2049 | D:2      | Reached XP level 5. HP: 27/30 MP: 2/8
  2227 | D:3      | Found a shimmering altar of Xom.
  2284 | D:3      | Noticed Natasha
  2289 | D:3      | Killed Natasha
  2295 | D:3      | Noticed Natasha
  2301 | D:3      | Killed Natasha
  2302 | D:3      | Reached skill level 5 in Earth Magic
  2382 | D:3      | Reached XP level 6. HP: 35/35 MP: 7/9
  2969 | D:4      | Identified the +7 whip of Cheese {flame, Int+5}
  3104 | D:4      | Found a glowing drain.
  3117 | Sewer    | Entered a sewer
  3655 | Sewer    | Reached XP level 7. HP: 16/40 MP: 6/11
  3930 | D:4      | Found a staircase to the Ecumenical Temple.
  3954 | Temple   | Entered the Ecumenical Temple
  4049 | Temple   | Became a worshipper of Gozag Ym Sagoz the Greedy
  4089 | D:4      | Reached skill level 6 in Earth Magic
  5095 | D:5      | Entered Level 5 of the Dungeon
  5285 | D:5      | Reached XP level 8. HP: 46/46 MP: 10/12
  5552 | D:5      | Reached skill level 7 in Earth Magic
  5948 | D:5      | Found a burning altar of Makhleb.
  6181 | D:6      | Found a stormy altar of Qazlal.
  6374 | D:6      | Reached skill level 1 in Shields
  6515 | D:6      | Found a blossoming altar of Fedhas.
  6526 | D:6      | Noticed an oklob plant
  6590 | D:6      | Reached XP level 9. HP: 52/52 MP: 7/15
  6743 | D:6      | Reached skill level 8 in Earth Magic
  6918 | D:6      | Noticed a troll
  6925 | D:6      | Killed a troll
  6926 | D:6      | Reached skill level 5 in Conjurations
  7096 | D:6      | Found the +18 Lear's hauberk
  7636 | D:7      | Reached skill level 5 in Armour
  8094 | D:7      | Found a sparkling altar of Nemelex Xobeh.
  8157 | D:7      | Reached skill level 5 in Fighting
  8282 | D:7      | Noticed Menkaure
  8288 | D:7      | Killed Menkaure
  8298 | D:7      | Learned a level 4 spell: Petrify
  8353 | D:7      | Reached skill level 9 in Earth Magic
  8416 | D:7      | Found a bloodstained altar of Trog.
  8526 | D:7      | Noticed Maggie
  8536 | D:7      | Killed Maggie
  8537 | D:7      | Reached XP level 10. HP: 53/59 MP: 6/17
  8956 | D:8      | Found Padewnul's Distillery.
  8965 | D:8      | Bought a potion of heal wounds for 70 gold pieces
  9007 | D:8      | Noticed Amaemon
  9019 | D:8      | Noticed an orange demon
  9026 | D:8      | Noticed Grum
  9046 | D:8      | Killed Amaemon
  9047 | D:8      | Reached skill level 5 in Spellcasting
  9052 | D:8      | Killed Grum
  9062 | D:8      | Killed an orange demon
  9063 | D:8      | Reached skill level 10 in Earth Magic
  9102 | D:8      | Noticed Joseph
  9117 | D:8      | Killed Joseph
  9218 | D:8      | Found a flagged portal.
  9234 | Bailey   | Entered a bailey
  9337 | Bailey   | Noticed an orc warlord
  9606 | Bailey   | Found a runed translucent gate.
  9606 | Bailey   | Found a runed translucent gate.
  9606 | Bailey   | Found a runed translucent gate.
 10006 | D:8      | Reached XP level 11. HP: 64/64 MP: 19/19
 10307 | D:8      | Found a staircase to the Lair.
 10421 | D:8      | Found a runed translucent door.
 10425 | D:8      | Found a runed translucent door.
 11057 | D:9      | Noticed Gastronok
 11067 | D:9      | Killed Gastronok
 11068 | D:9      | Reached XP level 12. HP: 60/71 MP: 4/20
 11274 | D:9      | Learned a level 2 spell: Blink
 11349 | D:9      | Identified the +3 plate armour "Lunwiqiy" {rCorr Str+2}
 11411 | D:9      | Found a snail-covered altar of Cheibriados.
 11967 | D:9      | Reached skill level 5 in Shields
 12020 | D:9      | Noticed a two-headed ogre
 12024 | D:9      | Killed a two-headed ogre
 12025 | D:9      | Reached skill level 11 in Earth Magic
 12228 | D:10     | Entered Level 10 of the Dungeon
 14671 | Lair:1   | Entered Level 1 of the Lair of Beasts
 14788 | D:8      | Reached skill level 12 in Earth Magic
 15529 | Lair:1   | Reached skill level 10 in Conjurations
 15539 | Lair:1   | Reached XP level 13. HP: 44/78 MP: 14/22
 16132 | Lair:1   | Reached skill level 13 in Earth Magic
 17217 | Lair:2   | You fall into a shaft and drop 1 floor!
 17383 | Lair:2   | Found a staircase to the Snake Pit.
 17533 | Lair:2   | Reached skill level 14 in Earth Magic
 18299 | Lair:3   | Found a staircase to the Shoals.
 18330 | Lair:3   | Gained mutation: Your large and strong wings let you fly.
                  | [Gargoyle growth]
 18330 | Lair:3   | Reached XP level 14. HP: 86/86 MP: 21/25
 18591 | Lair:3   | Noticed Rupert
 18600 | Lair:3   | Killed Rupert
 19586 | Lair:4   | Found a viscous altar of Jiyva.
 19586 | Lair:4   | Found a staircase to the Slime Pits.
 20316 | Lair:5   | Entered Level 5 of the Lair of Beasts
 20334 | Lair:5   | Reached skill level 15 in Earth Magic
 21215 | Lair:5   | Reached skill level 10 in Armour
 21296 | Lair:5   | Reached skill level 10 in Fighting
 22872 | D:12     | Reached skill level 16 in Earth Magic
 22909 | D:12     | Got the Directory of Frigid Transmutation
 22928 | D:12     | Found a staircase to the Orcish Mines.
 22971 | D:12     | Reached XP level 15. HP: 69/93 MP: 23/27
 25064 | D:12     | Paralysed by a centaur for 5 turns
 25992 | D:13     | Found an opulent altar of Gozag.
 26186 | D:13     | Noticed Maurice
 26192 | D:13     | Killed Maurice
 26285 | D:13     | Noticed Frances
 26660 | D:13     | Killed from afar by Frances

Illustrated notes

Levels and vault maps discovered:
D:1:      dpeg_arrival_simpleton_b, layout_loops_ring, serial_shops, shop,
          hangedman_decor_growths, kennysheep_boxes
D:2:      minmay_evil_eye, layout_loops_ring, minmay_misc_feat_roman
D:3:      layout_basic, mainiacjoe_overflow_concentric_impassable, uniq_natasha
D:4:      layout_basic, minmay_temple_entry_arrows, cheibrodos_sewer_entry_bend,
          nicolae_ossuary_entry_catacombs
D:5:      layout_cave_pools, lightli_temple_of_fire, minmay_misc_feat_x,
          hangedman_decor_points
D:6:      layout_rooms, nicolae_qazlal_general_emergency, tgw_fedhas,
          hellmonk_guarded_unrand_lears
D:7:      cheibrodos_steamvent, layout_basic, mainiacjoe_overflow_24_doors,
          mainiacjoe_overflow_alcove_2, uniq_menkaure, uniq_maggie
D:8:      lemuel_insect_pit, layout_basic, erik_lair_dragon, enter_bailey_3,
          serial_shops, nicolae_shop_crystal, minmay_manual_monstrance,
          uniq_amaemon, uniq_grum, uniq_joseph
D:9:      layout_grid_maze, nicolae_overflow_crystal_walls, uniq_gastronok
D:10:     nicolae_moon_pools, layout_rooms, small_chamber_with_monster
D:11:     layout_irregular_city, minmay_misc_feat_more_columns,
          minmay_misc_feat_doors
D:12:     minmay_imperfect_grid, layout_basic,
          kennysheep_orc_monster_closet_entryway
D:13:     layout_irregular_city, serial_undead, serial_undead_c,
          serial_undead_d, serial_undead_e, serial_undead_b,
          hangedman_abyss_or_decor_stabs, nicolae_gozag_seed_capital,
          uniq_maurice, uniq_frances
Temple:   eino_wide_crystal_templ
Lair:1:   layout_cave_pods, hangedman_lair_generics_rect
Lair:2:   layout_roguey, guppyfry_snake_entry_garden
Lair:3:   layout_hall_layers, elwin_shoals_entry_rocks, grunt_megastairs_5,
          infiniplex_staircase_pool_2, uniq_rupert
Lair:4:   layout_regular_city, slime_entry_1, serial_bayou_lake_a, uniq_urug
Lair:5:   evilmike_catoblepas_cave, layout_regular_city

Skill      XL: |  1  2  3  4  5  6  7  8  9 10 11 12 13 14 15 |
---------------+----------------------------------------------+-----
Armour         | 1 2 3 4 5 6 7 9 10 11 | 11.0
Earth Magic    | 4 5 6 7 9 10 12 14 16 | 16.9
Transmutations | 1 2 |  2.0
Fighting       | 1 2 3 4 5 6 7 9 10 11 | 11.1
Dodging        | 2 3 |  3.0
Conjurations   | 1 2 4 6 7 8 10 | 10.0
Spellcasting   | 3 4 5 6 7 8 9 |  9.2
Shields        | 1 3 4 6 7 9 |  9.9
Staves         | 13 | 13.0
Stealth        | |  2.1

Action                     |  1- 3 |  4- 6 |  7- 9 | 10-12 | 13-15 || total
---------------------------+-------+-------+-------+-------+-------++-------
  Melee: Unarmed           |     1 |       |       |       |       ||     1
         Whip              |       |    13 |    19 |    76 |   226 ||   334
   Cast: Sandblast         |    40 |   111 |    97 |   248 |   457 ||   953
         Stone Arrow       |       |       |    60 |    76 |   408 ||   544
         Petrify           |       |       |       |     3 |     5 ||     8
         Passwall          |       |       |       |       |     1 ||     1
 Invoke: Potion Petition   |       |       |       |       |     3 ||     3
  Evoke: Wand              |       |       |       |     1 |    12 ||    13
    Use: Scroll            |       |     9 |     5 |    10 |     8 ||    32
         Potion            |       |       |     3 |     7 |     8 ||    18
   Stab: Invisible         |       |       |       |     1 |       ||     1
         Petrified         |       |       |       |       |     7 ||     7
         Petrifying        |       |       |       |       |     1 ||     1
 Armour: Robe              |     2 |     7 |     1 |       |       ||    10
         Leather armour    |       |    41 |    26 |       |       ||    67
         Acid dragon scale |       |       |       |   213 |   624 ||   837
  Dodge: Dodged            |     5 |    68 |    49 |   192 |   449 ||   763
  Block: Buckler           |       |       |     5 |    91 |   258 ||   354

Table legend: (Time is in decaauts)
 A = Elapsed time spent in this place.
 B = Non-inter-level travel time spent in this place.
 C = Inter-level travel time spent in this place.
 D = Time resting spent in this place.
 E = Time spent auto-exploring this place.
 F = Levels seen in this place.
 G = Mean time per level.
                   A        B        C        D        E       F      G
               +--------+--------+--------+--------+--------+-----+--------+
         Total |  27167 |  25979 |   1188 |   5547 |  15705 |  21 | 1293.7 |
       Dungeon |  17760 |  16836 |    924 |   3478 |  10629 |  13 | 1366.2 |
        Temple |    108 |     95 |     13 |      0 |      0 |   1 |  108.0 |
          Lair |   8004 |   7753 |    251 |   1710 |   4472 |   5 | 1600.8 |
         Sewer |    734 |    734 |      0 |    243 |    313 |   1 |  734.0 |
        Bailey |    558 |    558 |      0 |    115 |    291 |   1 |  558.0 |
               +--------+--------+--------+--------+--------+-----+--------+

Top non-repeatable levels by time:
  Lair:5: 2234 daAuts
    D:11: 2174 daAuts
  Lair:1: 2169 daAuts
    D:12: 1994 daAuts
     D:8: 1829 daAuts
     D:9: 1820 daAuts
     D:7: 1735 daAuts
     D:4: 1459 daAuts
  Lair:3: 1411 daAuts
     D:2: 1200 daAuts
  Lair:4: 1163 daAuts
     D:5: 1084 daAuts
     D:6: 1077 daAuts
    D:10: 1076 daAuts
  Lair:2: 1025 daAuts
